 Seeded DCSS version 0.30-a0-879-ga8ba668304 (webtiles) character file.

Game seed: 20230312 (custom seed)

18231 a11behringer the Severer (level 12, -3/104 (106) HPs)
             Began as a Hill Orc Berserker on Mar 13, 2023.
             Was a Priest of Trog.
             Killed from afar by a fire giant (19 damage)
             ... with a fireball
             ... on level 11 of the Dungeon.
             The game lasted 00:30:59 (12806 turns).

a11behringer the Severer (Hill Orc Berserker)      Turns: 12806, Time: 00:31:00

HP:   -3/104 (106)  AC: 23    Str: 31    XL:     12   Next: 56%
MP:   12/12         EV: 12    Int:  7    God:    Trog [***...]
Gold: 1562          SH:  5    Dex: 10    Spells: 11/11 levels left

rFire   + . .      SeeInvis .    P - +0 broad axe
rCold   . . .      Faith    .    k - +0 buckler
rNeg    . . .      Spirit   .    C - +2 scale mail {rF+}
rPois   .          Reflect  .    d - +2 helmet
rElec   .          Rampage  .    N - +0 cloak
rCorr   .                        u - +0 pair of gloves
Will    ++...                    S - +0 pair of boots Stlth
                                 (no amulet)
HPRegen 1.37/turn                l - +4 ring of protection
MPRegen 0.13/turn                s - +6 ring of strength

@: strong-willed, regenerating, lightly drained
A: no striking features
a: Renounce Religion, Berserk, Trog's Hand


You were on level 11 of the Dungeon.
You worshipped Trog.
Trog was most pleased with you.
You visited 1 branch of the dungeon, and saw 11 of its levels.

You collected 1562 gold pieces.

Inventory:

Hand Weapons
 a - a +0 hand axe
 e - a +0 spear
 D - a +0 war axe
 K - a +0 shortbow
 L - a +3 flail of freezing
 M - a +3 trident of freezing
 P - a +0 broad axe (weapon)
 U - a +3 whip
Missiles
 V - a throwing net (quivered)
Armour
 d - a +2 helmet (worn)
 k - a +0 buckler (worn)
 u - a +0 pair of gloves (worn)
 y - a +0 plate armour
 z - a +2 hat
 C - a +2 scale mail of fire resistance (worn)
 J - a +2 ring mail of willpower
 N - a +0 cloak (worn)
 Q - +0 steam dragon scales
 S - a +0 pair of boots (worn)
 X - a +0 troll leather armour
Jewellery
 l - a +4 ring of protection (left hand)
 s - a +6 ring of strength (right hand)
 I - a ring of protection from fire
Wands
 g - a wand of quicksilver (20)
 B - a wand of digging (9)
 F - a wand of mindburst (33)
 H - a wand of flame (27)
 W - a wand of polymorph (9)
 Y - a wand of iceblast (3)
Scrolls
 f - 5 scrolls of teleportation
 h - 2 scrolls of vulnerability
 i - 2 scrolls of fog
 p - 3 scrolls of amnesia
 q - 6 scrolls of poison
 w - a scroll of enchant armour
 E - a scroll of enchant weapon {unknown}
 O - 2 scrolls of magic mapping {unknown}
 R - 2 scrolls of blinking {unknown}
Potions
 b - a potion of cancellation {unknown}
 c - 2 potions of invisibility
 j - 3 potions of brilliance
 m - 2 potions of heal wounds
 n - 4 potions of curing
 o - 3 potions of lignification
 r - 2 potions of degeneration
 t - a potion of might
 v - 3 potions of haste
 x - a potion of ambrosia
 A - a potion of mutation
 G - 3 potions of resistance
Miscellaneous
 T - a piece from Xom's chessboard (15/15)
 Z - a tin of tremorstones (2/2)


   Skills:
 + Level 10.2 Fighting
 * Level 15.0 Axes
 + Level 11.6 Armour
 + Level 6.7 Dodging
 * Level 6.3 Shields
 + Level 4.4 Evocations


You had 11 spell levels left.
You didn't know any spells.
Your spell library was empty.

Dungeon Overview and Level Annotations

Branches:
Dungeon (11/15)            Temple (0/1) D:4            Lair (0/5) D:10
    Orc: D:9-12

Altars:
Ashenzari
Cheibriados
Dithmenos
Fedhas
Gozag
Hepliaklqana
Kikubaaqudgha
Nemelex Xobeh
Vehumet
Yredelemnul

Shops:
D:8 *

Annotations:
D:9 1 runed translucent door, cforsyth's ghost, novice BaFi
D:11 3 transporters


Message History

A centaur warrior comes into view.
The centaur warrior shouts!
The fire giant points at you and mumbles some strange words.
The bolt of fire hits you. You resist.
Found a ring mail.
The centaur warrior hits you but does no damage.
You block the centaur warrior's attack.
The fire giant points at you and mumbles some strange words.
The fireball explodes!
The fireball engulfs you!! You resist.
The fireball engulfs the centaur warrior!!
The centaur warrior hits you but does no damage.
You block the centaur warrior's attack.
You slice the centaur warrior!!
The centaur warrior is almost dead.
The centaur warrior barely misses you. The centaur warrior kicks you.
You closely miss the centaur warrior.
The centaur warrior is almost dead.
The centaur warrior hits you.
The centaur warrior kicks you but does no damage.
A yaktaur captain comes into view.
You closely miss the centaur warrior.
The centaur warrior is almost dead.
You hit the fire giant but do no damage.
The centaur warrior barely misses you.
The centaur warrior kicks you but does no damage.
The fire giant hits you with a +2 great sword of flaming!!
The fire giant burns you.
Your skin crawls.
You feel strong-willed.
You can no longer call in reinforcements.
The fire giant casts a spell at you. The bolt of fire hits you!! You resist.
* * * LOW HITPOINT WARNING * * *
Okay, then.
The fire giant points at you and mumbles some strange words.
The fireball explodes!
The fireball engulfs you! You resist.
* * * LOW HITPOINT WARNING * * *
The fire giant gestures at you while chanting.
The fireball explodes!
The fireball engulfs you!! You resist.
You die...

#########...##.#
##.....##
............##.###
###'###
#†############...#####.#
#.# ###..#....# #.#
#....#....# #.# #
#..##......# #.# ##.
#####......## #.# ##/##
#..#.....## #.# #!#..
####@##......# #.#
#=###[##..##....#.#
#T#c##..###....#.#
###c##..## #....# .
#.#.#C### #....# ##
##/#Tc# #....# ######
#....# #....# #.####


You could see a fire giant, a centaur warrior and a deep troll earth mage.

Vanquished Creatures
  Erolcha (D:11)
  3 boulder beetles
  9 two-headed ogres
  Nergalle (D:11)
  Amaemon (D:9)
  An ugly thing (D:11)
  A cyclops (D:11)
  Maurice (D:8)
  Joseph (D:7)
  An orange demon (D:9)
  Maggie (D:8)
  2 trolls
  Sigmund (D:6)
  3 yaks
  A wyvern (D:9)
  Grum (D:9)
  An acid dragon (D:10)
  4 water moccasins
  2 sky beasts (D:8)
  6 orc warriors
  3 ice beasts
  2 black bears
  4 wolves (D:9)
  4 centaurs
  2 phantoms (D:5)
  4 kobold brigands
  Blork the orc (D:5)
  2 scorpions
  A gnoll sergeant (D:9)
  5 bullfrogs
  A water moccasin zombie (D:5)
  8 wights
  26 killer bees
  4 electric eels (D:9)
  4 howler monkeys
  5 hounds
  2 bullfrog zombies (D:5)
  2 jellies
  2 centaur skeletons (D:5)
  4 orc priests
  A bullfrog skeleton (D:5)
  4 iguanas
  A scorpion zombie (D:5)
  3 orc wizards
  A hound zombie (D:5)
  A hound skeleton (D:5)
  A howler monkey zombie (D:5)
  5 gnolls (D:9)
  9 adders
  3 dart slugs
  42 orcs
  8 bats
  6 endoplasms
  5 giant cockroaches
  4 goblins
  4 hobgoblins
  2 jackals (D:2)
  18 kobolds
  7 quokkas
  5 ball pythons
  2 frilled lizards
  5 rats
265 creatures vanquished.

Vanquished Creatures (others)
  25 plants
25 creatures vanquished.

Grand Total: 290 creatures vanquished

Notes
Turn   | Place    | Note
-------+----------+-------------------------------------------
     0 | D:1      | a11behringer the Hill Orc Berserker began the quest for the
                  | Orb.
     0 | D:1      | Reached XP level 1. HP: 19/19 MP: 1/1
   121 | D:1      | Reached XP level 2. HP: 22/27 MP: 2/2
   211 | D:1      | Found a faded altar of an unknown god.
   423 | D:1      | You fall into a shaft and drop 1 floor!
   530 | D:2      | Reached XP level 3. HP: 28/33 MP: 3/3
  1725 | D:3      | Reached XP level 4. HP: 37/40 MP: 4/4
  1739 | D:3      | Reached skill level 5 in Axes
  1762 | D:3      | Reached ** piety under Trog
  2057 | D:3      | Found a sparkling altar of Nemelex Xobeh.
  2088 | D:3      | Reached XP level 5. HP: 46/46 MP: 5/5
  3185 | D:4      | Reached skill level 6 in Axes
  3185 | D:4      | Reached XP level 6. HP: 40/53 MP: 6/6
  3493 | D:4      | Found a staircase to the Ecumenical Temple.
  3773 | D:5      | Entered Level 5 of the Dungeon
  3782 | D:5      | Found an opulent altar of Gozag.
  3790 | D:5      | Noticed Blork the orc
  3806 | D:5      | Killed Blork the orc
  3834 | D:5      | Noticed a water moccasin
  4027 | D:5      | Reached skill level 5 in Fighting
  4033 | D:5      | Reached XP level 7. HP: 54/61 MP: 7/7
  4058 | D:5      | Reached skill level 5 in Armour
  4068 | D:5      | Reached skill level 7 in Axes
  4243 | D:5      | Reached XP level 8. HP: 9/69 MP: 8/8
  4454 | D:5      | Identified a scroll of acquirement
  4549 | D:5      | Reached skill level 8 in Axes
  5472 | D:6      | Noticed a troll
  5481 | D:6      | Killed a troll
  5482 | D:6      | Reached skill level 9 in Axes
  5642 | D:6      | Found a broken altar of Ashenzari.
  5812 | D:6      | Reached XP level 9. HP: 77/78 MP: 9/9
  5938 | D:6      | Identified the +1 leather armour of Yblec {rC+ SInv}
  6180 | D:6      | Noticed Sigmund
  6201 | D:6      | Killed Sigmund
  6383 | D:6      | Reached skill level 10 in Axes
  7232 | D:7      | Noticed Joseph
  7246 | D:7      | Killed Joseph
  7675 | D:8      | Found Zurylo Adia's Assorted Antiques.
  7695 | D:8      | Reached skill level 11 in Axes
  7720 | D:8      | Reached XP level 10. HP: 85/86 MP: 10/10
  7813 | D:8      | Reached skill level 5 in Dodging
  7823 | D:8      | Reached *** piety under Trog
  7836 | D:8      | Noticed Maurice
  7852 | D:8      | Killed Maurice
  7917 | D:8      | Noticed Maggie
  7931 | D:8      | Killed Maggie
  7932 | D:8      | Reached skill level 12 in Axes
  8081 | D:8      | Found a hazy altar of Hepliaklqana.
  8227 | D:8      | Noticed a two-headed ogre
  8236 | D:8      | Killed a two-headed ogre
  8237 | D:8      | Reached skill level 10 in Armour
  8479 | D:8      | Acquired 843 gold pieces
  8610 | D:8      | Identified the +2 spear of Eqaphuli {drain, Drain MP+9
                  | Str+5 Dex+5}
  8673 | D:8      | Found a large runed translucent door.
  8673 | D:8      | Found a large runed translucent door.
  8705 | D:8      | Found a shadowy altar of Dithmenos.
  8838 | D:8      | Found a radiant altar of Vehumet.
  9057 | D:9      | Noticed Grum
  9089 | D:9      | Reached skill level 1 in Evocations
  9093 | D:9      | Killed Grum
  9095 | D:9      | Reached XP level 11. HP: 46/95 MP: 11/11
  9235 | D:9      | Reached skill level 13 in Axes
  9420 | D:9      | Reached skill level 1 in Shields
  9545 | D:9      | Noticed a two-headed ogre
  9555 | D:9      | Killed a two-headed ogre
  9609 | D:9      | Noticed a two-headed ogre
  9618 | D:9      | Killed a two-headed ogre
  9840 | D:9      | Found a runed translucent door.
  9842 | D:9      | Noticed cforsyth's ghost (novice BaFi)
  9877 | D:9      | Noticed Amaemon
  9904 | D:9      | HP: 2/97 [poisoned by Amaemon]
  9909 | D:9      | Killed Amaemon
 10351 | D:9      | Noticed a two-headed ogre
 10358 | D:9      | Killed a two-headed ogre
 10529 | D:9      | Noticed a two-headed ogre
 10544 | D:9      | Killed a two-headed ogre
 10717 | D:10     | Entered Level 10 of the Dungeon
 10729 | D:10     | Noticed a boulder beetle
 10790 | D:10     | Killed a boulder beetle
 10791 | D:10     | Reached skill level 14 in Axes
 10969 | D:10     | Found a staircase to the Lair.
 11153 | D:10     | Found a basalt altar of Yredelemnul.
 11153 | D:10     | Found an ancient bone altar of Kikubaaqudgha.
 11165 | D:10     | Reached **** piety under Trog
 11167 | D:10     | Found a blossoming altar of Fedhas.
 11167 | D:10     | Found a snail-covered altar of Cheibriados.
 11238 | D:10     | Noticed a two-headed ogre
 11251 | D:10     | Killed a two-headed ogre
 11252 | D:10     | Reached XP level 12. HP: 74/106 MP: 12/12
 11587 | D:10     | Noticed a two-headed ogre
 11597 | D:10     | Killed a two-headed ogre
 11598 | D:10     | Reached skill level 5 in Shields
 11973 | D:11     | Noticed a boulder beetle
 12001 | D:11     | Killed a boulder beetle
 12171 | D:11     | Noticed a boulder beetle
 12195 | D:11     | Killed a boulder beetle
 12196 | D:11     | Reached skill level 10 in Fighting
 12197 | D:11     | Found a transporter.
 12446 | D:11     | Noticed a two-headed ogre
 12447 | D:11     | Noticed a two-headed ogre
 12451 | D:11     | Killed a two-headed ogre
 12454 | D:11     | Killed a two-headed ogre
 12467 | D:11     | Noticed Erolcha
 12478 | D:11     | Killed Erolcha
 12479 | D:11     | Noticed Nergalle
 12494 | D:11     | Killed Nergalle
 12495 | D:11     | Reached skill level 15 in Axes
 12719 | D:11     | Found a transporter.
 12725 | D:11     | Found a transporter.
 12794 | D:11     | Noticed a fire giant
 12794 | D:11     | Noticed a deep troll earth mage
 12795 | D:11     | Noticed a centaur warrior
 12798 | D:11     | Noticed a yaktaur captain
 12806 | D:11     | Killed from afar by a fire giant

Illustrated notes

Levels and vault maps discovered:
D:1:      heliophobic_arrival_ceremonial_halls, layout_basic,
          chequers_ecumenical_altar_grove
D:2:      layout_basic, serial_forest, infiniplex_forest_straight_3,
          infiniplex_forest_straight_2, infiniplex_forest_lined_3,
          infiniplex_forest_straight_1, infiniplex_forest_clump_large,
          nrook_mini_vaults, due_unseen_surprise
D:3:      layout_basic, marbit_many_paths, minmay_starry_boxes
D:4:      layout_loops_cross, temple_hall_moat, chequers_serial_rivers_micro_b
D:5:      layout_basic, lemuel_tele_altar, serial_undead, serial_undead_d,
          serial_undead_b, serial_undead_d, serial_undead_e,
          chequers_serial_rivers_large_b, uniq_blork_the_orc
D:6:      layout_layer_cave, ashenzari_conservatory_becter, uniq_sigmund
D:7:      layout_basic, uniq_joseph
D:8:      layout_loops_ring, nzn_hepliaklqana_mist_gate, jmf_multi_god_temple2,
          serial_shops, nicolae_shop_window_shopping, nicolae_zen_rock_garden,
          minmay_fractal_squares_gapless_5, uniq_maurice, uniq_maggie
D:9:      layout_long_grid, serial_bayou, serial_bayou_pond_b,
          serial_bayou_shore_a, serial_bayou_pond_e, serial_bayou_pond_c,
          ebering_ghost_reflecting_pool, chequers_serial_rivers_marsh,
          water_boxes_lemuel, uniq_amaemon, uniq_grum
D:10:     layout_long_grid, mainiacjoe_overflow_alcove_3, dpeg_oklobed_lair,
          special_room [special_room_orc], unseen_surprise_small
D:11:     minmay_glassy_protrusions, layout_basic, serial_bayou_pond_a,
          kennysheep_flooded_box, grunt_decor_resistance, st_stairs_3,
          minmay_misc_feat_enclosed, minmay_misc_feat_five,
          amcnicky_mini_rare_corridor_liquid, serial_nicolae_subway,
          nicolae_sub_station_crystal, nicolae_sub_station_stone,
          nicolae_sub_station_metal, uniq_erolcha, uniq_nergalle

Skill      XL: |  1  2  3  4  5  6  7  8  9 10 11 12 |
---------------+-------------------------------------+-----
Fighting       | 4 5 6 7 8 9 10 | 10.2
Armour         | 3 4 5 7 9 10 11 | 11.6
Dodging        | 2 3 4 5 6 |  6.7
Axes           | 5 6 7 9 11 12 14 15 | 15.0
Evocations     | 1 3 4 |  4.4
Shields        | 4 6 |  6.3

Action                     |  1- 3 |  4- 6 |  7- 9 | 10-12 || total
---------------------------+-------+-------+-------+-------++-------
  Melee: Hand axe          |   123 |   222 |   264 |       ||   609
         Punch             |       |     1 |     3 |     2 ||     6
         War axe           |       |       |    85 |    77 ||   162
         Broad axe         |       |       |       |   354 ||   354
 Invoke: Berserk           |       |     1 |     4 |     8 ||    13
         Trog's Hand       |       |     1 |     4 |    11 ||    16
    Use: Scroll            |       |       |     8 |    11 ||    19
         Potion            |       |       |       |     3 ||     3
 Armour: Ring mail         |    55 |   107 |   128 |       ||   290
         Animal skin       |     1 |       |       |       ||     1
         Scale mail        |       |       |    68 |   299 ||   367
  Dodge: Dodged            |    78 |   129 |   207 |   324 ||   738
  Block: Buckler           |       |       |       |    68 ||    68

Table legend: (Time is in decaauts)
 A = Elapsed time spent in this place.
 B = Non-inter-level travel time spent in this place.
 C = Inter-level travel time spent in this place.
 D = Time resting spent in this place.
 E = Time spent auto-exploring this place.
 F = Levels seen in this place.
 G = Mean time per level.
                   A        B        C        D        E       F      G
               +--------+--------+--------+--------+--------+-----+--------+
         Total |  12928 |  12246 |    682 |      0 |  10253 |  11 | 1175.3 |
       Dungeon |  12928 |  12246 |    682 |      0 |  10253 |  11 | 1175.3 |
               +--------+--------+--------+--------+--------+-----+--------+

Top non-repeatable levels by time:
     D:5: 1617 daAuts
     D:9: 1598 daAuts
     D:8: 1576 daAuts
    D:10: 1227 daAuts
     D:4: 1198 daAuts
     D:6: 1099 daAuts
     D:7: 1065 daAuts
     D:1: 1010 daAuts
     D:3: 978 daAuts
    D:11: 870 daAuts
     D:2: 687 daAuts
